 Dungeon Crawl Stone Soup version 0.31-a0-574-g69dc8cc98e (webtiles) character file.

Game seed: 983805867813034549

258 Xavori the Cutter (level 6, -1/47 HPs)
             Began as an Octopode Chaos Knight on Aug 18, 2023.
             Was a Plaything of Xom.
             Slain by Edmund
             ... wielding a +0 heavy dire flail
              (8 damage)
             ... on level 4 of the Dungeon.
             The game lasted 00:03:15 (15577 turns).

Xavori the Cutter (Octopode Chaos Knight)          Turns: 15577, Time: 00:03:15

Health: -1/47      AC:  1    Str: 10    XL:     6   Next: 16%
Magic:  6/6        EV: 11    Int: 19    God:    Xom [.....*]
Gold:   136        SH:  7    Dex: 12    Spells: 5/5 levels left

rFire   . . .        p - +3 short sword
rCold   . . .        g - +0 kite shield
rNeg    . . .        (helmet restricted)
rPois   .            (no amulet)
rElec   .            (no ring)
rCorr   .            (no ring)
SInv    .            (no ring)
Will    .....        (no ring)
Stlth   ++++         (no ring)
HPRegen 0.27/turn    (no ring)
MPRegen 0.10/turn    (no ring)
                     (no ring)

%: no passive effects
@: unable to read, unable to drink
A: almost no armour, amphibious, 8 rings, camouflage 2, gelatinous body 1,
(nimble swimmer 1), tentacles, clever 1, robust 1, screaming 1, subdued magic 1,
inability to drink after injury 1, inability to read after injury 1
a: Renounce Religion


You were on level 4 of the Dungeon.
You worshipped Xom.
You were Xom's teddy bear.
You visited 1 branch of the dungeon, and saw 4 of its levels.

You collected 136 gold pieces.

Inventory:

Hand Weapons
 a - a +0 short sword of chaos
 e - a +0 short sword of speed
 p - a +3 short sword (weapon)
Armour
 g - a +0 kite shield (worn)
Jewellery
 o - a +4 ring of protection
Talismans
 k - a talisman of death
Scrolls
 b - 2 scrolls of butterflies
 c - 3 scrolls of teleportation {unknown}
 h - a scroll of immolation {unknown}
 i - 5 scrolls of identify {unknown}
 j - a scroll of enchant armour {unknown}
Potions
 f - a potion of attraction
 l - 4 potions of heal wounds
 m - a potion of might


   Skills:
 + Level 4.0 Fighting
 + Level 4.2 Short Blades
 + Level 3.2 Dodging
 + Level 3.8 Stealth
 + Level 0.8 Shields
 * Level 1.5 Shapeshifting


You had 5 spell levels left.
You didn't know any spells.
Your spell library contained the following spells:

 Spells                   Type           Power      Damage    Failure   Level
 Kiss of Death            Conj/Necr      0%         2d5       69%         1
 Confusing Touch          Hex            0%         N/A       96%         3
 Dispel Undead            Necr           0%         3d6       100%        4


Dungeon Overview and Level Annotations

Branches:
Dungeon (4/15)
 Temple: D:4-7

Altars:
Cheibriados
Elyvilon
The Shining One

Shops:
D:3 [

Annotations:
D:4 Edmund


Innate Abilities, Weirdness & Mutations

You cannot wear most types of armour.
You are amphibious.
You can wear up to eight rings at the same time.
Your skin blends seamlessly with your surroundings (Stealth++).
Your rubbery body absorbs attacks. (AC +1, EV +1)
((You are camouflaged when in or above water. (Stealth+)))
You have tentacles for arms and can constrict up to eight enemies at once.
Your mind is acute. (Int +4, Str/Dex -1)
You are robust. (+10% HP)
You occasionally shout uncontrollably at your foes.
Your spells are a little easier to cast, but a little less powerful.
You occasionally lose the ability to drink potions when taking damage.
You occasionally lose the ability to read scrolls when taking damage.


Message History

You feel a little less mighty now.
Found a stone staircase leading up.
No target in view!
You now have 136 gold pieces (gained 14).
Edmund the Younger comes into view.
He is wielding a +0 heavy dire flail.
Edmund is nearby!
Edmund is nearby!
The helpless Edmund fails to defend himself.
You puncture Edmund! You grab Edmund.
Edmund is lightly wounded.
You constrict Edmund. Edmund barely misses you.
You hit Edmund but do no damage.
Edmund is moderately wounded.
You constrict Edmund. Edmund closely misses you.
You hit Edmund but do no damage.
Edmund is moderately wounded.
You constrict Edmund. You hit Edmund but do no damage.
Edmund is moderately wounded.
You constrict Edmund, but do no damage.
Edmund hits you with a +0 heavy dire flail!!
You hit Edmund but do no damage. You squeeze Edmund!
Edmund is heavily wounded.
You constrict Edmund, but do no damage. You block Edmund's attack.
You hit Edmund but do no damage.
Edmund is heavily wounded.
You constrict Edmund. You hit Edmund but do no damage.
You squeeze Edmund, but do no damage.
Edmund is heavily wounded.
You constrict Edmund, but do no damage.
Edmund hits you with a +0 heavy dire flail!!
You feel threatened and lose the ability to read scrolls!
You feel threatened and lose the ability to drink potions!
* * * LOW HITPOINT WARNING * * *
You hit Edmund but do no damage. You squeeze Edmund.
Edmund is severely wounded.
You constrict Edmund.
Edmund hits you with a +0 heavy dire flail!
You die...
Edmund says, "That'll show my brother!"

### ... #.# #.#
#.######.
#.@........ #@#
#..# #.# #..# ..
#.# #..# # .#
#.# #.. .# .#
#.# #.##<##.#
#.######.......#
#.........# #..#
#######...# #..#
##..###.####


You could see Edmund.

Vanquished Creatures
  An orc wizard (D:3)
  Natasha (thrice) (D:2)
  Robin (D:2)
  A gnoll (D:1)
  5 adders
  2 dart slugs (D:3)
  4 orcs (D:3)
  5 endoplasms
  5 giant cockroaches
  14 goblins
  11 hobgoblins
  2 jackals (D:3)
  4 kobolds
  6 quokkas
  4 ball pythons
  6 bats
  4 frilled lizards
  3 rats
81 creatures vanquished.

Notes
Turn   | Place    | Note
-------+----------+-------------------------------------------
     0 | D:1      | Xavori the Octopode Chaos Knight began the quest for the
                  | Orb.
     0 | D:1      | Reached XP level 1. HP: 16/16 MP: 1/1
     3 | D:1      | Found a faded altar of an unknown god.
    82 | D:1      | Reached XP level 2. HP: 21/21 MP: 2/2
   241 | D:1      | XOM: noise
   382 | D:1      | Reached XP level 3. HP: 24/26 MP: 3/3
   425 | D:1      | XOM: silly message
   446 | D:1      | XOM: noise
   491 | D:1      | Reached skill level 1 in Stealth
   673 | D:1      | XOM: give mutations
   673 | D:1      | Gained mutation: Your flesh is heat resistant. (rF+) [Xom's
                  | grace]
   673 | D:1      | Gained mutation: You have a pair of small antennae on your
                  | head. [Xom's grace]
   673 | D:1      | Gained mutation: Your muscles are strong. (Str +4, Int/Dex
                  | -1) [Xom's grace]
   673 | D:1      | Gained mutation: One of your tentacles bears a spike.
                  | [Xom's grace]
  1013 | D:1      | XOM: god gift: dark potion {god gift}
  1052 | D:1      | XOM: god gift: 6 stones
  2156 | D:1      | XOM: give mutations
  2156 | D:1      | Gained mutation: You are somewhat resistant to further
                  | mutation. [Xom's mischief]
  2156 | D:1      | Gained mutation: One of your tentacles bears a nasty spike.
                  | [Xom's mischief]
  2156 | D:1      | Gained mutation: Your muscles are very strong. (Str +8,
                  | Int/Dex -2) [Xom's mischief]
  2763 | D:1      | XOM: noise
  4175 | D:1      | XOM: god gift: 14 gold pieces
  4248 | D:1      | XOM: divination: magic mapping
  4386 | D:1      | XOM: silly message
  4556 | D:1      | XOM: silly message
  4782 | D:1      | XOM is BORED!
  5565 | D:1      | XOM: noise
  6025 | D:1      | XOM: silly message
  6415 | D:1      | XOM: noise
  7027 | D:1      | XOM: summons 2 hostile demons
  7155 | D:2      | Noticed Natasha
  7155 | D:2      | XOM: 2-stop teleportation journey
  7158 | D:2      | Killed Natasha
  7159 | D:2      | Reached XP level 4. HP: 25/33 MP: 4/4
  7241 | D:2      | Noticed Natasha
  7245 | D:2      | Killed Natasha
  7277 | D:2      | Noticed Natasha
  7277 | D:2      | XOM: 2-stop teleportation journey
  7288 | D:2      | Killed Natasha
  7289 | D:2      | Reached XP level 5. HP: 32/37 MP: 5/5
  7434 | D:2      | XOM: noise
  7457 | D:2      | Noticed Robin
  7467 | D:2      | Killed Robin
  7469 | D:2      | Reached skill level 1 in Shapeshifting
  7475 | D:2      | XOM: silly message
  8784 | D:1      | XOM: stat loss: -1 Int (12/13)
  9267 | D:1      | XOM: noise
  9441 | D:1      | XOM: noise
  9514 | D:1      | XOM is BORED!
  9514 | D:1      | XOM: give mutations
  9514 | D:1      | Gained mutation: Your body sometimes deteriorates upon
                  | taking damage. [Xom's mischief]
  9514 | D:1      | Lost mutation: You have a pair of small antennae on your
                  | head. [Xom's mischief]
  9930 | D:1      | XOM: silly message
 10276 | D:1      | XOM: give mutations
 10276 | D:1      | Lost mutation: Your body sometimes deteriorates upon taking
                  | damage. [Xom's mischief]
 10276 | D:1      | Gained mutation: You are strong-willed. (Will+) [Xom's
                  | mischief]
 10276 | D:1      | Gained mutation: You are robust. (+10% HP) [Xom's mischief]
 10279 | D:1      | XOM: summons 3 hostile demons
 11003 | D:2      | XOM: draining
 11047 | D:2      | XOM: give mutations
 11047 | D:2      | Lost mutation: One of your tentacles bears a nasty spike.
                  | [Xom's mischief]
 11047 | D:2      | Lost mutation: Your muscles are very strong. (Str +8,
                  | Int/Dex -2) [Xom's mischief]
 11047 | D:2      | Gained mutation: You are clumsy. (Dex -2) [Xom's mischief]
 11047 | D:2      | Gained mutation: You occasionally lose the ability to drink
                  | potions when taking damage. [Xom's mischief]
 11201 | D:2      | XOM: silly message
 11345 | D:2      | XOM: give mutations
 11345 | D:2      | Gained mutation: You are very robust. (+20% HP) [Xom's
                  | mischief]
 11345 | D:2      | Lost mutation: You are clumsy. (Dex -2) [Xom's mischief]
 11345 | D:2      | Gained mutation: You are highly strong-willed. (Will++)
                  | [Xom's mischief]
 11345 | D:2      | Lost mutation: You are very robust. (+20% HP) [Xom's
                  | mischief]
 11681 | D:2      | XOM: give mutations
 11681 | D:2      | Lost mutation: You are somewhat resistant to further
                  | mutation. [Xom's mischief]
 11681 | D:2      | Gained mutation: You possess an exceptional clarity of
                  | mind. [Xom's mischief]
 11681 | D:2      | Gained mutation: One of your tentacles bears a nasty spike.
                  | [Xom's mischief]
 11681 | D:2      | Lost mutation: Your muscles are strong. (Str +4, Int/Dex
                  | -1) [Xom's mischief]
 12054 | D:2      | XOM: give mutations
 12054 | D:2      | Lost mutation: You possess an exceptional clarity of mind.
                  | [Xom's mischief]
 12054 | D:2      | Lost mutation: You are highly strong-willed. (Will++)
                  | [Xom's mischief]
 12100 | D:2      | XOM is BORED!
 12519 | D:2      | XOM: summons 3 hostile demons
 12809 | D:3      | XOM: summons 2 hostile shadow creatures
 13082 | D:2      | XOM: give mutations
 13082 | D:2      | Lost mutation: One of your tentacles bears a nasty spike.
                  | [Xom's mischief]
 13082 | D:2      | Lost mutation: Your flesh is heat resistant. (rF+) [Xom's
                  | mischief]
 13082 | D:2      | Lost mutation: One of your tentacles bears a spike. [Xom's
                  | mischief]
 13123 | D:2      | XOM: stat loss: -1 Str (10/11)
 14027 | D:2      | XOM: give mutations
 14027 | D:2      | Gained mutation: Your spells are a little easier to cast,
                  | but a little less powerful. [Xom's mischief]
 14027 | D:2      | Lost mutation: You are strong-willed. (Will+) [Xom's
                  | mischief]
 14027 | D:2      | Gained mutation: You are partially covered in iridescent
                  | scales. (AC +2) [Xom's mischief]
 14129 | D:2      | XOM: summons 2 hostile demons
 14301 | D:3      | Reached XP level 6. HP: 16/45 MP: 6/6
 14357 | D:3      | XOM: give mutations
 14357 | D:3      | Gained mutation: Your skin blends seamlessly with your
                  | surroundings (Stealth++). [Xom's mischief]
 14357 | D:3      | Gained mutation: Your mind is acute. (Int +4, Str/Dex -1)
                  | [Xom's mischief]
 14357 | D:3      | Gained mutation: You occasionally lose the ability to read
                  | scrolls when taking damage. [Xom's mischief]
 14665 | D:3      | Found a snail-covered altar of Cheibriados.
 14752 | D:3      | Found a glowing golden altar of the Shining One.
 14808 | D:3      | Found a white marble altar of Elyvilon.
 14808 | D:3      | XOM: 4-stop teleportation journey
 14849 | D:3      | XOM: noise
 14906 | D:3      | Found Faithegef's Antique Armour Emporium.
 15407 | D:3      | XOM: give mutations
 15407 | D:3      | Gained mutation: You occasionally shout uncontrollably at
                  | your foes. [Xom's mischief]
 15407 | D:3      | Lost mutation: You occasionally shout uncontrollably at
                  | your foes. [Xom's mischief]
 15407 | D:3      | Gained mutation: You occasionally shout uncontrollably at
                  | your foes. [Xom's mischief]
 15407 | D:3      | Gained mutation: You passively map a small area around you.
                  | [Xom's mischief]
 15472 | D:3      | Lost mutation: You are partially covered in iridescent
                  | scales. (AC +2) [potion of mutation]
 15472 | D:3      | Lost mutation: You passively map a small area around you.
                  | [potion of mutation]
 15563 | D:4      | Noticed Edmund
 15577 | D:4      | Slain by Edmund

Illustrated notes

Levels and vault maps discovered:
D:1:      dpeg_arrival_tiny_j, layout_loops_ring,
          dreamdust_ecumenical_altar_grove, st_stairs_8
D:2:      layout_rooms, uniq_natasha, uniq_robin
D:3:      layout_basic, nicolae_tso_carved_into_rock, chei_slow_surprise,
          mainiacjoe_overflow_six_doors_small, serial_shops,
          nicolae_shop_peninsula, minmay_cut_off
D:4:      layout_loops_ring, nicolae_overflow_crystal_walls,
          nicolae_uskayaw_en_pointe, mainiacjoe_overflow_catwalk,
          minmay_temple_entry_wispy, uniq_edmund, uniq_menkaure

Skill      XL: |  1  2  3  4  5  6 |
---------------+-------------------+-----
Stealth        | 1 2 3 |  3.8
Short Blades   | 4 |  4.2
Dodging        | 3 |  3.2
Shapeshifting  | 1 |  1.5
Fighting       | 4 |  4.0
Shields        | |  0.8

Action                     |  1- 3 |  4- 6 || total
---------------------------+-------+-------++-------
  Melee: Short sword       |    65 |   106 ||   171
         Tentacles         |    17 |    21 ||    38
         Constrict         |    14 |    27 ||    41
         Kick              |     4 |    21 ||    25
         Punch             |       |     1 ||     1
    Use: Potion            |       |     7 ||     7
   Stab: Sleeping          |     5 |    11 ||    16
 Armour: Skin              |       |    11 ||    11
  Dodge: Dodged            |    23 |    28 ||    51
  Block: Kite shield       |     7 |    33 ||    40

Table legend: (Time is in decaauts)
 A = Elapsed time spent in this place.
 B = Non-inter-level travel time spent in this place.
 C = Inter-level travel time spent in this place.
 D = Time resting spent in this place.
 E = Time spent auto-exploring this place.
 F = Levels seen in this place.
 G = Mean time per level.
                   A        B        C        D        E       F      G
               +--------+--------+--------+--------+--------+-----+--------+
         Total |  15547 |  15486 |     61 |  12901 |   2046 |   4 | 3886.8 |
       Dungeon |  15547 |  15486 |     61 |  12901 |   2046 |   4 | 3886.8 |
               +--------+--------+--------+--------+--------+-----+--------+

Top non-repeatable levels by time:
     D:1: 9594 daAuts
     D:2: 4182 daAuts
     D:3: 1682 daAuts
     D:4: 88 daAuts
